 Dungeon Crawl Stone Soup version 0.14-a0-1330-g3eed206 (webtiles) character file.

122 PolkaDot the Cutter (level 4, -1/33 HPs)
             Began as a Vampire Death Knight on Dec 6, 2013.
             Was a Believer of Yredelemnul.
             Slain by a gnoll
             ... wielding a +6,+0 spear
              (7 damage)
             ... on Level 2 of the Dungeon.
             The game lasted 00:04:04 (1500 turns).

PolkaDot the Cutter (Vampire Death Knight)          Turns: 1500, Time: 00:04:06

HP  -1/33        AC  3     Str 12      XL: 4   Next:  7%
MP   5/5         EV 11     Int 18      God: Yredelemnul [**....]
Gold 50          SH  0     Dex 14      Spells:  0 memorised,  3 levels left

rFire  . . .     SeeInvis +     g - +2,+0 elf short sword
rCold  . . .     Clarity  .     b - +0 leather armour
rNeg   . . .     Conserve .     (no shield)
rPois  .         rCorr    .     (no helmet)
rElec  .         rRot     .     (no cloak)
SustAb . .       Spirit   .     (no gloves)
rMut   .         Warding  .     (no boots)
Saprov . . .     Stasis   .     (no amulet)
                                (no ring)
                                a - +0,+9 ring of slaying {unknown}

@: regenerating quickly, brilliant, slightly resistant to hostile enchantments,
unstealthy
A: fangs 3, see invisible, unbreathing
a: Animate Remains, Recall Undead Slaves, Injury Mirror, Renounce Religion


You were on level 2 of the Dungeon.
You worshipped Yredelemnul.
Yredelemnul was pleased with you.
You were very full.

You visited 1 branch of the dungeon, and saw 2 of its levels.

You collected 50 gold pieces.

Inventory:

Hand weapons
 g - a +2,+0 elven short sword (weapon)
Armour
 b - a +0 leather armour (worn)
Scrolls
 d - 3 scrolls of remove curse {unknown}
 e - 2 scrolls of fog {unknown}
 i - a scroll of enchant armour {unknown}
 j - a scroll of identify {unknown}
Jewellery
 a - a +0,+9 ring of slaying (left hand) {unknown}
Potions
 f - a potion of curing


   Skills:
 - Level 1.7 Fighting
 * Level 4.1 Short Blades
 - Level 0.7 Armour
 + Level 2.5 Dodging
 - Level 2.4 Invocations


You had 3 spell levels left.
You didn't know any spells.

Dungeon Overview and Level Annotations

Branches:
Dungeon (2/16)

Altars:
Kikubaaqudgha


Innate Abilities, Weirdness & Mutations

Your natural rate of healing is unusually fast.
You have razor-sharp teeth.*
You have supernaturally acute eyesight.
You can survive without breathing.*


Message History

Your worm zombie is destroyed!
The gnoll hits your kobold zombie with a runed spear.
Your kobold zombie barely misses the gnoll.
The gnoll completely misses your kobold zombie.
The gnoll hits your kobold zombie with a runed spear!
Your kobold zombie is destroyed!
The gnoll closely misses you.
The gnoll picks up a spear.
The gnoll wields a spear.
There is an open door, spattered with blood here.
You closely miss the gnoll.
The gnoll is almost dead.
The gnoll hits you from afar with a spear.
The gnoll closely misses you.
You barely miss the gnoll.
The gnoll is almost dead.
The gnoll hits you from afar with a spear.
* * * LOW HITPOINT WARNING * * *
The gnoll hits you with a runed spear!
You die...
Yredelemnul claims you as an undead slave.

......... ...........
#.......... ##.........
........... # #.###...
... .. ....# #g#
####.##.###..# #g# .
........##...###@###....#
####.##.##.....'_###.....
### # #...###+###.....
##.# #.#.# .. ... ##.# #
#.#.# ... ...#.##.##.#..
..... #.# .#z#.......####
.........##.#
.#z####.##.#
...........##.. .#z# #
#.# ............#..#


You could see 2 gnolls.

Vanquished Creatures
  2 gnolls
  An adder (D:2)
  A worm (D:2)
  2 giant geckos
  2 giant cockroaches (D:1)
  5 hobgoblins
  6 jackals
  3 bats
  2 giant newts (D:2)
  3 goblins
  6 kobolds
  3 rats
36 creatures vanquished.

Vanquished Creatures (collateral kills)
  A gnoll (D:2)
  A giant gecko (D:1)
2 creatures vanquished.

Vanquished Creatures (others)
  A worm zombie (D:2)
  A goblin skeleton (D:2)
  2 jackal skeletons (D:1)
  2 kobold zombies
6 creatures vanquished.

Grand Total: 44 creatures vanquished

Notes
Turn   | Place    | Note
--------------------------------------------------------------
     0 | D:1      | PolkaDot, the Vampire Death Knight, began the quest for the Orb.
     0 | D:1      | Reached XP level 1. HP: 16/16 MP: 1/1
   402 | D:1      | Reached XP level 2. HP: 20/22 MP: 2/2
   578 | D:1      | Reached skill level 3 in Short Blades
   752 | D:1      | Reached XP level 3. HP: 18/27 MP: 4/4
  1243 | D:2      | Acquired Yredelemnul's second power
  1411 | D:2      | Reached skill level 4 in Short Blades
  1460 | D:2      | Found an ancient bone altar of Kikubaaqudgha.
  1471 | D:2      | Paralysed by a potion of paralysis for 3 turns
  1477 | D:2      | Reached XP level 4. HP: 25/33 MP: 2/5
  1500 | D:2      | Slain by a gnoll

Action                   |  1- 3 |  4- 6 || total
-------------------------+-------+-------++-------
Melee: Short sword       |   100 |     2 ||   102
Invok: Animate Remains   |     9 |       ||     9
       Recall Undead Sla |     1 |       ||     1
  Use: Potion            |     5 |       ||     5
